 Dungeon Crawl Stone Soup version 0.32-a0-433-g08bcfe7efd (webtiles) character file.

Game seed: 2694833921651694503

60 Dittersdorf the Trooper (level 4, -5/29 HPs)
             Began as a Gargoyle Fighter on Feb 22, 2024.
             Killed by divine providence
             ... invoked by an orc priest
              (14 damage)
             ... on level 2 of the Dungeon.
             The game lasted 00:01:28 (1421 turns).

Dittersdorf the Trooper (Gargoyle Fighter)          Turns: 1421, Time: 00:01:28

Health: -5/29      AC: 10    Str: 21    XL:     4   Next: 4%
Magic:  4/4        EV:  9    Int:  9    God:
Gold:   107        SH:  4    Dex:  9    Spells: 3/3 levels left

rFire   . . .        a - +0 flail
rCold   . . .        c - +0 buckler
rNeg    + . .        b - +0 scale mail
rPois   ∞            (no helmet)
rElec   +            (no cloak)
rCorr   .            (no gloves)
SInv    .            (no boots)
Will    .....        i - amulet of the acrobat Stlth
                     (no ring)
HPRegen 0.24/turn    (no ring)
MPRegen 0.09/turn

%: acrobat
@: no status effects
A: sickness immunity, AC +3, negative energy resistance 1, electricity
resistance, torment resistance 1, petrification resistance
a: Convert to Beogh


You were on level 2 of the Dungeon.
You visited 1 branch of the dungeon, and saw 3 of its levels.

You collected 107 gold pieces.

Inventory:

Hand Weapons
 a - a +0 flail (weapon)
Armour
 b - a +0 scale mail (worn)
 c - a +0 buckler (worn)
Jewellery
 i - an amulet of the acrobat (around neck)
Scrolls
 e - a scroll of blinking {unknown}
 f - a scroll of enchant armour {unknown}
 g - 2 scrolls of noise {unknown}
 h - a scroll of fog {unknown}
 k - a scroll of identify {unknown}
Potions
 d - a potion of might
 j - a potion of curing {unknown}


   Skills:
 + Level 3.9 Fighting
 + Level 2.7 Maces & Flails
 + Level 3.8 Armour
 + Level 3.8 Shields


You had 3 spell levels left.
You didn't know any spells.
Your spell library was empty.

Dungeon Overview and Level Annotations

Branches:
Dungeon (3/15)

Altars:


Innate Abilities, Weirdness & Mutations

You are immune to sickness and miasma.
Your stone body is resilient. (AC +3)
You are immune to poison.
You resist negative energy. (rN+)
You are resistant to electric shocks. (rElec)
You are resistant to unholy torment.
You are immune to petrification.


Message History

No target in view!
No target in view!
No target in view!
No target in view!
No target in view!
No target in view!
No target in view!
No target in view!
No target in view!
No target in view!
No target in view!
No target in view!
You climb downwards.
The orc priest looks encouraged for a moment.
There is a stone staircase leading up here.
The orc priest hits you with a +0 hand axe.
You climb upwards.
There is a stone staircase leading down here.
You barely miss the orc priest.
The orc priest hits you but does no damage.
You barely miss the orc priest.
The orc priest calls down the wrath of Beogh upon you.
Pain shoots through your body!
You barely miss the orc priest. The orc priest barely misses you.
The orc priest hits you with a +0 hand axe.
You hit the orc priest.
The orc priest is moderately wounded.
The orc priest hits you but does no damage.
You closely miss the orc priest.
The orc priest is moderately wounded.
The orc priest mumbles some strange prayers to Beogh against you.
Beogh smites you!
The orc priest shouts, "Beogh offers mercy even to people such as you.
Join us and be reborn!" (press Y on the ability menu to convert to Beogh)
You hit the orc priest.
The orc priest is heavily wounded.
The orc priest barely misses you.
The orc priest invokes the aid of Beogh against you.
Beogh smites you!
You die...

........######### #.####.#.#
### .#..............#
#......#.# #.
###......######.# ########.#
#. # ##.....# #.# ##.## #.
###...# #.# #...# #. #####
###.##### #...# #. #######
#.......# #...# #. #.....#
#.##.#..#####...####.
#.....####.##@#..#............
#..........))o................
#.....###...#.#..#...........#
#.....# #...#.#..####....÷)###
####### #........# #....#.#
#######.#.#.#### #....#.#
#.....#.#.#.# ##....#.#
#.###.#...#.######....##.#
#.#.............##.......#


You could see an orc priest.

Vanquished Creatures
  An adder (D:2)
  2 ribbon worms (D:2)
  An orc (D:2)
  2 bats (D:1)
  2 endoplasms (D:2)
  3 giant cockroaches
  5 goblins
  4 hobgoblins
  2 jackals (D:2)
  10 kobolds
  A quokka (D:1)
  3 ball pythons (D:1)
  2 frilled lizards
  6 rats (D:1)
44 creatures vanquished.

Notes
Turn   | Place    | Note
-------+----------+-------------------------------------------
     0 | D:1      | Dittersdorf the Gargoyle Fighter began the quest for the
                  | Orb.
     0 | D:1      | Reached XP level 1. HP: 14/14 MP: 1/1
   219 | D:1      | Reached XP level 2. HP: 19/19 MP: 2/2
   701 | D:1      | Reached XP level 3. HP: 18/23 MP: 3/3
  1287 | D:2      | Reached XP level 4. HP: 28/29 MP: 4/4
  1305 | D:2      | Identified the +10 short sword of the First Orbs {heavy,
                  | rPois}
  1421 | D:2      | Killed from afar by an orc priest

Illustrated notes

Levels and vault maps discovered:
D:1:      beargit_arrival_greenhouse, layout_loops_ring
D:2:      layout_loops_cross, grunt_ministairs_2, dk_vineyard_3
D:3:      layout_loops_ring, nicolae_overflow_ecumenical_swirl,
          serial_bayou_pond_d, hellmonk_no_cap

Action                     |  1- 3 |  4- 6 || total
---------------------------+-------+-------++-------
  Melee: Flail             |   149 |    10 ||   159
 Armour: Scale mail        |   103 |     7 ||   110
  Dodge: Dodged            |    79 |     6 ||    85
  Block: Buckler           |    39 |       ||    39

Table legend: (Time is in decaauts)
 A = Elapsed time spent in this place.
 B = Non-inter-level travel time spent in this place.
 C = Inter-level travel time spent in this place.
 D = Time resting spent in this place.
 E = Time spent auto-exploring this place.
 F = Levels seen in this place.
 G = Mean time per level.
                   A        B        C        D        E       F      G
               +--------+--------+--------+--------+--------+-----+--------+
         Total |   1474 |   1440 |     34 |     25 |   1020 |   3 |  491.3 |
       Dungeon |   1474 |   1440 |     34 |     25 |   1020 |   3 |  491.3 |
               +--------+--------+--------+--------+--------+-----+--------+

Top non-repeatable levels by time:
     D:1: 746 daAuts
     D:2: 695 daAuts
     D:3: 31 daAuts
